 Dungeon Crawl Stone Soup version 0.30-a0-364-gf6b3ef1049 (webtiles) character file.

Game seed: 17606183297736422529

175 sanka the Caller (level 5, -3/33 (38) HPs)
             Began as a Demigod Summoner on Nov 15, 2022.
             Slain by Duvessa
             ... wielding a +1 short sword of draining
              (5 damage)
             ... on level 4 of the Dungeon.
             The game lasted 00:06:09 (3381 turns).

sanka the Caller (Demigod Summoner)                 Turns: 3381, Time: 00:06:09

HP:   -3/33 (38)    AC:  2    Str:  9    XL:     5   Next: 8%
MP:   4/10          EV: 12    Int: 21    God:
Gold: 116           SH:  0    Dex: 14    Spells: 2/8 levels left

rFire   . . .      SeeInvis .    q - +2 dagger (venom)
rCold   . . .      Faith    .    (no shield)
rNeg    . . .      Spirit   .    a - +0 robe
rPois   .          Reflect  .    (no helmet)
rElec   .          Harm     .    (no cloak)
rCorr   .          Rampage  .    (no gloves)
Will    .....                    (no boots)
Stlth   ++........               (no amulet)
HPRegen 0.25/turn                (no ring)
MPRegen 0.12/turn                (no ring)

@: heavily drained
A: high MP 1, forlorn, divine attributes
a: no special abilities


You were on level 4 of the Dungeon.
You visited 1 branch of the dungeon, and saw 4 of its levels.

You collected 116 gold pieces.


Innate Abilities, Weirdness & Mutations

You have an increased reservoir of magic. (+10% MP)
You shall have no god before yourself.
Your divine heritage dramatically boosts your attributes as you level up.


   Skills:
 - Level 1.7 Dodging
 - Level 1.7 Stealth
 - Level 2.0 Spellcasting
 + Level 6.0 Summonings


You had 2 spell levels left.
You knew the following spells:

 Your Spells              Type           Power      Damage    Failure   Level
c - Call Canine Familiar  Summ           27%        N/A       3%          3
x - Call Imp              Summ           27%        N/A       1%          2
z - Summon Small Mammal   Summ           100%       N/A       1%          1

Your spell library contained the following spells:

 Spells                   Type           Power      Damage    Failure   Level
 Summon Guardian Golem    Hex/Summ       14%        N/A       13%         3
 Summon Lightning Spire   Summ/Air       14%        N/A       38%         4

Inventory:

Hand Weapons
 i - a +0 hand axe
 q - a +2 dagger of venom (weapon)
Missiles
 p - 10 poisoned darts
Armour
 a - a +0 robe (worn)
Jewellery
 f - an amulet of guardian spirit
Scrolls
 e - 3 scrolls of vulnerability {unknown}
 j - a scroll of blinking {unknown}
 k - a scroll of teleportation {unknown}
 l - 2 scrolls of poison {unknown}
 n - 2 scrolls of identify {unknown}
 o - a scroll of torment {unknown}
 r - 2 scrolls of butterflies {unknown}
Potions
 b - a potion of magic
 c - a potion of might {unknown}
 d - a potion of brilliance {unknown}
 g - 3 potions of heal wounds {unknown}
 h - 2 potions of curing {unknown}
 m - a potion of cancellation {unknown}

Dungeon Overview and Level Annotations

Branches:
Dungeon (4/15)
 Temple: D:4-7

Shops:
D:1 (

Annotations:
D:3 exclusion: water moccasin
D:4 Dowan, Duvessa

.▒▒▒▒ ......
......
▒.....▒▒▒▒▒▒▒
▒....<....▒
▒.▒▒.....▒▒.▒
▒.........▒
▒▒▒▒▒▒..p5▒
e...#..re▒
.......hb..
▒▒▒▒▒▒.......
▒▒▒▒▒▒....
.>.. .▒. ▒


You could see Duvessa (ally target), Dowan, a friendly hound (summoned), a
friendly crimson imp (summoned), a friendly quokka (summoned) and a friendly bat
(summoned).


Message History

Your crimson imp closely misses Duvessa.
Your bat barely misses Duvessa.
Duvessa hits your crimson imp with a +1 short sword of draining!
Your hound bites Duvessa.
Your bat hits Duvessa but does no damage.
Your crimson imp closely misses Duvessa.
Your bat barely misses Duvessa.
Your hound closely misses Duvessa.
Duvessa hits you with a +1 short sword of draining!
You feel drained.
You barely miss Duvessa.
Duvessa is lightly wounded.
Your hound bites Duvessa.
Duvessa hits you with a +1 short sword of draining!
* * * LOW HITPOINT WARNING * * *
You feel drained.
* * * LOW HITPOINT WARNING * * *
Your hound bites Duvessa.
Dowan mumbles some strange words.
Dowan blinks!
Unknown command.
You hit Duvessa but do no damage.
Duvessa is lightly wounded.
Your bat hits Duvessa. Your bat hits Duvessa.
Your hound bites Duvessa but does no damage.
Duvessa hits you with a +1 short sword of draining!
* * * LOW HITPOINT WARNING * * *
You feel drained.
You die...

Action                   |  1- 3 |  4- 6 || total
-------------------------+-------+-------++-------
Melee: Club              |    45 |       ||    45
       Hand axe          |    33 |       ||    33
       Dagger            |     5 |    46 ||    51
 Cast: Summon Small Mamm |    45 |     2 ||    47
       Call Imp          |    10 |     3 ||    13
       Call Canine Famil |       |     4 ||     4
 Stab: Sleeping          |     2 |       ||     2
Armor: Robe              |    11 |     6 ||    17
Dodge: Dodged            |    78 |    23 ||   101

Levels and vault maps discovered:
D:1:      minmay_arrival_floating_metal, layout_loops_corners, serial_shops,
          nicolae_shop_waterfront
D:2:      minmay_chambers_of_ones, layout_rooms, chequers_serial_rivers_micro_d
D:3:      layout_loops_corners, cheibriados_altar_1,
          mainiacjoe_overflow_boulevard, shapermc_ecumenical_altar_mp_vishouse
D:4:      layout_basic, minmay_temple_entry_grid, nicolae_shop_gadgets,
          uniq_duvessa, uniq_pikel

Notes
Turn   | Place    | Note
-------+----------+-------------------------------------------
     0 | D:1      | sanka the Demigod Summoner began the quest for the Orb.
     0 | D:1      | Reached XP level 1. HP: 14/14 MP: 5/5
    88 | D:1      | Reached skill level 2 in Spellcasting
   353 | D:1      | Reached skill level 4 in Summonings
   390 | D:1      | Reached XP level 2. HP: 13/20 MP: 4/7
   422 | D:1      | Learned a level 2 spell: Call Imp
   735 | D:1      | Found Vuleshre's Antique Weapon Emporium.
  1420 | D:2      | Reached XP level 3. HP: 26/26 MP: 5/8
  1707 | D:2      | Reached skill level 5 in Summonings
  1928 | D:2      | Learned a level 3 spell: Call Canine Familiar
  2136 | D:3      | Noticed a water moccasin
  2178 | D:3      | Reached XP level 4. HP: 18/33 MP: 5/9
  2980 | D:3      | Reached XP level 5. HP: 38/38 MP: 4/10
  3121 | D:3      | Reached skill level 6 in Summonings
  3372 | D:4      | Noticed Duvessa
  3372 | D:4      | Noticed Dowan
  3381 | D:4      | HP: 2/35 [Duvessa/+1 short sword of draining (11)]
  3381 | D:4      | Slain by Duvessa

Vanquished Creatures
  An orc priest (D:3)
  An iguana (D:3)
  2 dart slugs
  7 orcs (D:3)
  4 bats
  An endoplasm (D:3)
  A giant cockroach (D:3)
  4 goblins
  A hobgoblin (D:3)
  A jackal (D:1)
  A kobold (D:3)
  3 quokkas
  A ball python (D:3)
  2 frilled lizards
  3 rats
33 creatures vanquished.

Vanquished Creatures (collateral kills)
  An orc wizard (D:3)
  2 adders (D:2)
  A worm (D:2)
  3 endoplasms
  2 giant cockroaches
  3 goblins (D:1)
  2 hobgoblins
  A jackal (D:1)
  3 quokkas (D:1)
  A bat (D:1)
  2 frilled lizards (D:1)
  3 kobolds
  3 rats (D:1)
27 creatures vanquished.

Grand Total: 60 creatures vanquished
